 Dungeon Crawl Stone Soup version 0.30-a0-135-g630cfc4551 (webtiles) character file.

Game seed: 9473017044585835535

459 wilfster70 the Magician (level 7, -2/51 HPs)
             Began as a Gnoll Hedge Wizard on Sept 21, 2022.
             Slain by an orc warrior
             ... wielding a +0 flail
              (7 damage)
             ... on level 5 of the Dungeon.
             The game lasted 00:14:21 (5109 turns).

wilfster70 the Magician (Gnoll Hedge Wizard)        Turns: 5109, Time: 00:14:22

Health: -2/51      AC:  7    Str:  9    XL:     7   Next: 6%
Magic:  12/18      EV: 13    Int: 15    God:
Gold:   265        SH:  0    Dex: 12    Spells: 16/21 levels left

rFire   . . .      SeeInvis +    a - +1 dagger
rCold   . . .      Faith    .    (no shield)
rNeg    . . .      Spirit   .    b - +0 robe
rPois   .          Reflect  .    m - +1 helmet {SInv}
rElec   .          Harm     .    (no cloak)
rCorr   .          Rampage  .    k - +0 pair of gloves
Will    .....                    h - +1 pair of boots
Stlth   +++.......               f - amulet of the acrobat
HPRegen 0.17/turn                (no ring)
MPRegen 0.16/turn                (no ring)

@: very slightly contaminated
A: fangs 1, strong nose, distributed training
a: no special abilities


You were on level 5 of the Dungeon.
You visited 1 branch of the dungeon, and saw 5 of its levels.

You collected 265 gold pieces.

Inventory:

Hand Weapons
 a - a +1 dagger (weapon)
Missiles
 i - a throwing net
Armour
 b - a +0 robe (worn)
 h - a +1 pair of boots (worn)
 k - a +0 pair of gloves (worn)
 m - a +1 helmet of see invisible (worn)
Jewellery
 f - an amulet of the acrobat (around neck)
 v - a ring of protection from cold
Wands
 t - a wand of flame (14)
Scrolls
 e - a scroll of noise {unknown}
 p - a scroll of enchant weapon
 r - a scroll of identify
Potions
 d - a potion of magic
 g - a potion of ambrosia
 j - a potion of mutation {unknown}
 l - a potion of invisibility {unknown}
 o - 2 potions of flight
 q - a potion of lignification {unknown}
 s - a potion of brilliance
 y - 2 potions of cancellation {unknown}
 z - a potion of berserk rage {unknown}


   Skills:
 + Level 2.3 Fighting
 + Level 2.3 Short Blades
 + Level 2.3 Long Blades
 + Level 2.3 Axes
 + Level 2.3 Maces & Flails
 + Level 2.3 Polearms
 + Level 2.3 Staves
 + Level 2.3 Ranged Weapons
 + Level 2.3 Throwing
 + Level 2.3 Armour
 + Level 5.1 Dodging
 + Level 4.8 Stealth
 + Level 2.3 Shields
 + Level 2.3 Unarmed Combat
 + Level 7.5 Spellcasting
 + Level 2.9 Conjurations
 + Level 1.9 Hexes
 + Level 2.9 Summonings
 + Level 1.9 Necromancy
 + Level 2.9 Translocations
 + Level 1.9 Transmutations
 + Level 1.9 Fire Magic
 + Level 1.9 Ice Magic
 + Level 1.9 Air Magic
 + Level 1.9 Earth Magic
 + Level 1.9 Poison Magic
 + Level 2.5 Invocations
 + Level 2.3 Evocations


You had 16 spell levels left.
You knew the following spells:

 Your Spells              Type           Power      Damage    Failure   Level
a - Magic Dart            Conj           56%        1d5       3%          1
b - Call Imp              Summ           14%        N/A       6%          2
g - Blink                 Tloc           28%        N/A       6%          2

Your spell library contained the following spells:

 Spells                   Type           Power      Damage    Failure   Level
 Slow                     Hex            44%        N/A       6%          1
 Cigotuvi's Dreadful Rot  Necr/Pois/Air  22%        N/A       9%          2
 Mephitic Cloud           Conj/Pois/Air  12%        N/A       16%         3


Dungeon Overview and Level Annotations

Branches:
Dungeon (5/15)
 Temple: D:4-7

Altars:
Trog

Shops:
D:3 :

Annotations:
D:3 exclusion: downstairs
D:4 Eustachio


Innate Abilities, Weirdness & Mutations

You have very sharp teeth.
Your uncanny sense of smell can sniff out nearby items.
Your experience applies equally to all skills.


Message History

Aim: an orc warrior, wielding a +0 flail and wearing a +0 plate armour (100% to hit)
The magic dart hits the orc warrior but does no damage.
The orc wizard hits your white imp with a +0 vampiric dagger.
Your white imp dies!
Your white imp disappears in a puff of smoke!
Your magical contamination has completely faded away.
The orc warrior closely misses you. The orc closely misses you.
The orc attacks as you move away! The orc closely misses you.
The orc wizard completely misses you.
Casting: Magic Dart (safe; 3% risk of failure)
Confirm with . or Enter, or press ? or * to list all spells.
You blink.
The orc wizard points at you and mumbles some strange words.
The puff of flame hits you!
* * * LOW HITPOINT WARNING * * *
The orc wizard casts a spell.
The orc wizard flickers and vanishes for a moment.
You feel stable enough to blink again.
The orc warrior attacks as you move away!
The orc warrior completely misses you.
The orc warrior attacks as you move away!
The orc warrior completely misses you.
The orc warrior attacks as you move away!
The orc warrior misses you.
The orc warrior attacks as you move away!
The orc warrior completely misses you.
The orc warrior attacks as you move away!
The orc warrior completely misses you.
The orc warrior attacks as you move away!
The orc warrior completely misses you.
The orc warrior attacks as you move away!
The orc warrior hits you with a +0 flail!
* * * LOW HITPOINT WARNING * * *
Casting: Blink (safe; 6% risk of failure)
Confirm with . or Enter, or press ? or * to list all spells.
You miscast Blink.
You are very lightly contaminated with residual magic.
Nothing appears to happen.
The orc warrior hits you with a +0 flail!
You die...

#.....#,,,#.....#......######....
#.....#####....?##.....##........
............#############........
............#....#...............
............#....#...............
............#....#...............
............#.####.o...##.......#
.##'#########.####.....##.......#
.#..............@oo....#.........
.#.....................#.........
.#.....................+.........
.#.....................#.........
.#.....................#.........
.################################
##


You could see an orc warrior, an orc wizard (invisible) and an orc.

Vanquished Creatures
  An ogre (D:4)
  A hound (D:5)
  Jessica (D:3)
  6 adders
  A gnoll (D:4)
  A worm (D:5)
  A dart slug (D:2)
  6 orcs
  4 ball pythons
  3 endoplasms
  2 giant cockroaches
  11 goblins
  9 hobgoblins
  3 kobolds
  4 quokkas
  4 bats
  2 frilled lizards (D:2)
60 creatures vanquished.

Vanquished Creatures (collateral kills)
  An ogre (D:5)
  A hound (D:5)
  An orc priest (D:5)
  Robin (D:4)
  2 gnolls (D:4)
  An adder (D:2)
  3 orcs
  An endoplasm (D:4)
  A quokka (D:5)
12 creatures vanquished.

Vanquished Creatures (others)
  17 fungi (D:4)
17 creatures vanquished.

Grand Total: 89 creatures vanquished

Notes
Turn   | Place    | Note
-------+----------+-------------------------------------------
     0 | D:1      | wilfster70 the Gnoll Hedge Wizard began the quest for the
                  | Orb.
     0 | D:1      | Reached XP level 1. HP: 13/13 MP: 8/8
    87 | D:1      | Found a faded altar of an unknown god.
   533 | D:1      | Reached XP level 2. HP: 19/19 MP: 6/10
   702 | D:1      | You fall into a shaft and drop 1 floor!
   744 | D:2      | Learned a level 2 spell: Blink
   747 | D:2      | Learned a level 2 spell: Call Imp
   772 | D:2      | Reached XP level 3. HP: 10/25 MP: 1/11
   865 | D:2      | Reached skill level 1 in Invocations
  1051 | D:2      | Reached skill level 1 in Fighting
  1051 | D:2      | Reached skill level 1 in Short Blades
  1051 | D:2      | Reached skill level 1 in Long Blades
  1051 | D:2      | Reached skill level 1 in Axes
  1051 | D:2      | Reached skill level 1 in Maces & Flails
  1051 | D:2      | Reached skill level 1 in Polearms
  1051 | D:2      | Reached skill level 1 in Staves
  1051 | D:2      | Reached skill level 1 in Ranged Weapons
  1051 | D:2      | Reached skill level 1 in Throwing
  1051 | D:2      | Reached skill level 1 in Armour
  1051 | D:2      | Reached skill level 1 in Shields
  1051 | D:2      | Reached skill level 1 in Unarmed Combat
  1051 | D:2      | Reached skill level 1 in Evocations
  1284 | D:2      | Reached XP level 4. HP: 32/32 MP: 5/13
  1876 | D:3      | Noticed Jessica
  2149 | D:3      | Reached skill level 1 in Hexes
  2149 | D:3      | Reached skill level 1 in Necromancy
  2149 | D:3      | Reached skill level 1 in Transmutations
  2149 | D:3      | Reached skill level 1 in Fire Magic
  2149 | D:3      | Reached skill level 1 in Ice Magic
  2149 | D:3      | Reached skill level 1 in Air Magic
  2149 | D:3      | Reached skill level 1 in Earth Magic
  2149 | D:3      | Reached skill level 1 in Poison Magic
  2456 | D:3      | Found Siahatypp's Book Shoppe.
  2718 | D:3      | Killed Jessica
  2719 | D:3      | Reached XP level 5. HP: 37/37 MP: 14/14
  3000 | D:4      | Noticed an ogre
  3020 | D:4      | Killed an ogre
  3274 | D:4      | Reached XP level 6. HP: 37/43 MP: 16/16
  3848 | D:4      | Found a bloodstained altar of Trog.
  3865 | D:4      | Noticed Eustachio
  3968 | D:5      | Entered Level 5 of the Dungeon
  3980 | D:5      | Reached skill level 5 in Dodging
  4392 | D:4      | Noticed Robin
  4448 | D:4      | Killed Robin
  5060 | D:5      | Noticed an orc warrior
  5078 | D:5      | Reached XP level 7. HP: 23/51 MP: 18/18
  5109 | D:5      | Slain by an orc warrior

Illustrated notes

Levels and vault maps discovered:
D:1:      psy_arrival_conway, layout_basic, hellmonk_ecumenical_altar_blasted,
          chequers_serial_rivers_small_a
D:2:      layout_basic, minmay_misc_feat_diagonals,
          chequers_serial_rivers_micro_d, nicolae_underground_beach
D:3:      layout_loops_ring, serial_shops, shop_fountains,
          minmay_tree_intersection, minmay_distorted, uniq_jessica
D:4:      layout_loops_cross, mainiacjoe_overflow_chevrons, uniq_robin,
          uniq_eustachio
D:5:      layout_gridville, guppyfry_early_orc_mine, uniq_ijyb

Skill      XL: |  1  2  3  4  5  6 |
---------------+-------------------+-----
Conjurations   | 2 |  2.9
Summonings     | 2 |  2.9
Translocations | 2 |  2.9
Invocations    | 1 2 |  2.5
Fighting       | 1 2 |  2.3
Short Blades   | 1 2 |  2.3
Long Blades    | 1 2 |  2.3
Axes           | 1 2 |  2.3
Maces & Flails | 1 2 |  2.3
Polearms       | 1 2 |  2.3
Staves         | 1 2 |  2.3
Ranged Weapons | 1 2 |  2.3
Throwing       | 1 2 |  2.3
Armour         | 1 2 |  2.3
Shields        | 1 2 |  2.3
Unarmed Combat | 1 2 |  2.3
Evocations     | 1 2 |  2.3
Hexes          | 1 |  1.9
Necromancy     | 1 |  1.9
Transmutations | 1 |  1.9
Fire Magic     | 1 |  1.9
Ice Magic      | 1 |  1.9
Air Magic      | 1 |  1.9
Earth Magic    | 1 |  1.9
Poison Magic   | 1 |  1.9
Dodging        | 5 |  5.1
Stealth        | |  4.8
Spellcasting   | |  7.5

Action                   |  1- 3 |  4- 6 |  7- 9 || total
-------------------------+-------+-------+-------++-------
Melee: Dagger            |    36 |   104 |       ||   140
       Bite              |     2 |    15 |       ||    17
       Punch             |       |     1 |       ||     1
 Cast: Magic Dart        |    53 |    89 |     1 ||   143
       Call Imp          |     2 |    15 |     1 ||    18
       Blink             |       |       |     2 ||     2
  Use: Scroll            |       |     8 |       ||     8
 Stab: Sleeping          |     3 |     2 |       ||     5
Armor: Robe              |    11 |    33 |       ||    44
Dodge: Dodged            |    45 |    97 |    10 ||   152

Table legend: (Time is in decaauts)
 A = Elapsed time spent in this place.
 B = Non-inter-level travel time spent in this place.
 C = Inter-level travel time spent in this place.
 D = Time resting spent in this place.
 E = Time spent auto-exploring this place.
 F = Levels seen in this place.
 G = Mean time per level.
                   A        B        C        D        E       F      G
               +--------+--------+--------+--------+--------+-----+--------+
         Total |   5106 |   4944 |    162 |   1510 |   1722 |   5 | 1021.2 |
       Dungeon |   5106 |   4944 |    162 |   1510 |   1722 |   5 | 1021.2 |
               +--------+--------+--------+--------+--------+-----+--------+

Top non-repeatable levels by time:
     D:4: 1505 daAuts
     D:2: 1133 daAuts
     D:3: 1009 daAuts
     D:5: 749 daAuts
     D:1: 708 daAuts
